 Dungeon Crawl Stone Soup version 0.23.2 (webtiles) character file.

Game seed: 4732848507201538557

4524 Marnok the Fighter (level 10, 0/104 HPs)
             Began as an Ogre Gladiator on Apr 4, 2019.
             Was a Believer of Qazlal.
             Slain by a hippogriff (5 damage)
             ... on level 10 of the Dungeon.
             The game lasted 00:29:51 (9669 turns).

Marnok the Fighter (Ogre Gladiator)                 Turns: 9669, Time: 00:29:52

Health: 0/104      AC:  7    Str: 28    XL:     10   Next: 39%
Magic:  25/25      EV: 12    Int:  9    God:    Qazlal [**....]
Gold:   328        SH:  2    Dex: 10    Spells: 16/18 levels left

rFire    . . .     SeeInvis .   l - +4 dire flail (crush)
rCold    . . .     Gourm    +   (shield currently unavailable)
rNeg     . . .     Faith    .   b - +2 robe
rPois    .         Spirit   .   c - +1 hat
rElec    .         Reflect  .   g - +0 cloak
rCorr    .         Harm     .   (gloves unavailable)
MR       +....                  (boots unavailable)
Stlth    ++........             p - amulet of the gourmand
HPRegen  0.27/turn              o - ring of flight
MPRegen  0.19/turn              i - ring of magical power

@: mighty, hasted, very quick
A: large, unfitting armour, tough skin 1
a: Upheaval, Renounce Religion, Evoke Flight


You were on level 10 of the Dungeon.
You worshipped Qazlal.
Qazlal was pleased with you.
You were completely stuffed.

You visited 2 branches of the dungeon, and saw 11 of its levels.

You collected 328 gold pieces.

Inventory:

Hand Weapons
 a - a +0 quarterstaff
 h - a +2 short sword of holy wrath
 k - a +2 hunting sling of velocity
 l - a +4 dire flail of crushing (weapon)
 n - a +2 whip of freezing
 r - a +1 giant spiked club
 v - a +1 vampiric hand axe
 A - a +0 great mace
 D - a +0 whip of electrocution
Missiles
 d - 3 throwing nets (quivered)
 z - 11 sling bullets
Armour
 b - a +2 robe (worn)
 c - a +1 hat (worn)
 g - a +0 cloak (worn)
Jewellery
 i - a ring of magical power (right hand)
 o - a ring of flight (left hand)
 p - an amulet of the gourmand (around neck)
 t - an uncursed ring of fire {unknown}
Wands
 m - a wand of paralysis (2)
 w - a wand of flame (15)
 y - a wand of disintegration (18)
 F - a wand of clouds (7)
Scrolls
 j - 2 scrolls of amnesia
 q - 3 scrolls of remove curse
 s - a scroll of noise
 B - a scroll of fear
Potions
 x - 2 potions of brilliance
Comestibles
 f - 9 rations
 E - 13 chunks of flesh


   Skills:
 + Level 8.1 Fighting
 + Level 7.9(8.7) Maces & Flails
 - Level 6.0(8.2) Staves
 + Level 2.1 Throwing
 + Level 5.6 Dodging
 + Level 2.0 Stealth
 + Level 4.6 Spellcasting
 + Level 4.4 Translocations


You had 16 spell levels left.
You knew the following spells:

 Your Spells              Type           Power        Failure   Level  Hunger
a - Blink                 Tloc           N/A          6%          2    ##.....

Your spell library contained the following spells:

 Spells                   Type           Power        Failure   Level  Hunger
 Gell's Gravitas          Tloc           ##........   12%         3    ###....
 Confusing Touch          Hex            #.....       26%         1    #......
 Magic Dart               Conj           #...         26%         1    #......
 Shock                    Conj/Air       #...         26%         1    #......
 Call Imp                 Summ           #.......     36%         2    ##.....
 Searing Ray              Conj           #.....       36%         2    ##.....
 Slow                     Hex            #.......     36%         2    ##.....
 Swiftness                Chrm/Air       #.......     36%         2    ##.....
 Confuse                  Hex            #.......     61%         3    ###....
 Conjure Flame            Conj/Fire      #.......     61%         3    ###....
 Dazzling Spray           Conj/Hex       #.....       61%         3    ###....
 Mephitic Cloud           Conj/Pois/Air  #.......     61%         3    ###....
 Static Discharge         Conj/Air       #.......     61%         3    ###....
 Force Lance              Conj/Tloc      #.......     71%         4    #####..
 Airstrike                Air            #.........   95%         4    #####..
 Fulminant Prism          Conj/Hex       #.........   95%         4    #####..
 Iskenderun's Mystic Bla  Conj           #.......     95%         4    #####..
 Petrify                  Tmut/Erth      #.......     95%         4    #####..
 Lightning Bolt           Conj/Air       #.........   100%        5    ######.
 Metabolic Englaciation   Hex/Ice        #.........   100%        5    ######.
 Yara's Violent Unravell  Hex/Tmut       #.........   100%        5    ######.


Dungeon Overview and Level Annotations

Branches:
Dungeon (10/15)            Temple (1/1) D:6
   Lair: D:8-11         Orc: D:9-12

Altars:
Ashenzari
Cheibriados
Elyvilon
Fedhas
Hepliaklqana
Kikubaaqudgha
Makhleb
Nemelex Xobeh
Okawaru
Qazlal
Ru
Trog
Uskayaw
Vehumet
Wu Jian
Xom
Yredelemnul
Zin
The Shining One

Shops:
D:5 [   D:6 [   D:7 (


Innate Abilities, Weirdness & Mutations

You are too large for most types of armour.
You have tough skin. (AC +1)


Message History

There is a stone staircase leading down here.
Magic restored.
The hippogriff bites you!
* * * LOW HITPOINT WARNING * * *
You block the hippogriff's attack.
The hippogriff claws you but does no damage.
You climb downwards.
A yak comes into view.
The yak bellows!
You hear a bellow! x2
There is a stone staircase leading up here.
You feel yourself speed up. The hippogriff bites you.
* * * LOW HITPOINT WARNING * * *
The hippogriff pecks you but does no damage.
The hippogriff claws you but does no damage.
You closely miss the hippogriff. You thump the hippogriff!
The hippogriff is heavily wounded.
The hippogriff bites you.
* * * LOW HITPOINT WARNING * * *
The hippogriff closely misses you. The hippogriff claws you.
You die...

#########
#@H......
#.####...
#.# ...
Y.# ....
...#
....#


You could see a hippogriff and a yak.

Vanquished Creatures
  A two-headed ogre (D:8)
  A hippogriff (D:8)
  A wyvern (D:9)
  Edmund (D:6)
  A phantom (D:7)
  A necrophage (D:5)
  2 ice beasts
  A black bear (D:7)
  2 sky beasts
  6 ogres
  2 centaurs
  3 bullfrogs (D:7)
  A wyvern zombie (D:7)
  2 scorpions
  A killer bee (D:9)
  7 wights
  3 howler monkeys
  6 crimson imps
  5 hounds
  A quasit (D:7)
  A jelly (D:8)
  8 orc priests
  11 orc wizards
  2 bullfrog skeletons
  Terence (D:3)
  2 worker ants
  2 hound skeletons
  5 adders
  3 shadow imps
  An ooze (D:4)
  An adder zombie (D:7)
  2 adder skeletons
  5 worms
  2 dart slugs
  5 leopard geckos
  36 orcs
  6 bats
  8 giant cockroaches
  9 goblins
  7 hobgoblins
  4 jackals
  3 quokkas
  A frilled lizard (D:1)
  2 goblin skeletons (D:6)
  A goblin zombie (D:6)
  A hobgoblin zombie (D:6)
  2 kobolds
  2 kobold skeletons (D:6)
  An orc zombie (D:6)
  6 rats
188 creatures vanquished.

Notes
Turn   | Place    | Note
-------+----------+-------------------------------------------
     0 | D:1      | Marnok the Ogre Gladiator began the quest for the Orb.
     0 | D:1      | Reached XP level 1. HP: 22/22 MP: 1/1
   161 | D:1      | Reached XP level 2. HP: 24/29 MP: 2/2
   650 | D:2      | Found a faded altar of an unknown god.
   677 | D:2      | Reached skill level 3 in Fighting
   705 | D:2      | Reached XP level 3. HP: 23/37 MP: 3/3
  1030 | D:2      | Found an iron altar of Okawaru.
  1368 | D:2      | Reached XP level 4. HP: 42/45 MP: 4/4
  1993 | D:3      | Reached XP level 5. HP: 20/54 MP: 5/5
  2001 | D:3      | Reached skill level 4 in Fighting
  2424 | D:3      | Noticed Terence
  2441 | D:3      | Killed Terence
  2642 | D:3      | Reached skill level 5 in Staves
  3012 | D:4      | Noticed an ogre
  3017 | D:4      | Reached XP level 6. HP: 58/63 MP: 6/6
  3267 | D:4      | Reached skill level 5 in Fighting
  3366 | D:4      | Found a glowing silver altar of Zin.
  3417 | D:4      | Reached XP level 7. HP: 42/72 MP: 7/7
  4374 | D:5      | Entered Level 5 of the Dungeon
  4379 | D:5      | Found Hoejaepo's Armour Boutique.
  4393 | D:5      | Reached skill level 1 in Maces & Flails
  4902 | D:5      | Reached XP level 8. HP: 72/81 MP: 8/8
  4908 | D:5      | Reached skill level 6 in Fighting
  5343 | D:6      | Reached skill level 1 in Stealth
  5356 | D:6      | Found Ginnausk's Antique Armour Shop.
  5365 | D:6      | Noticed Edmund
  5387 | D:6      | Killed Edmund
  5701 | D:6      | Found a glowing golden altar of the Shining One.
  5954 | D:6      | Found a staircase to the Ecumenical Temple.
  5959 | Temple   | Entered the Ecumenical Temple
  6163 | Temple   | Became a worshipper of Qazlal Stormbringer
  6335 | D:7      | Reached skill level 5 in Maces & Flails
  6336 | D:7      | Reached skill level 7 in Fighting
  6339 | D:7      | Reached skill level 5 in Dodging
  6346 | D:7      | Reached XP level 9. HP: 37/93 MP: 9/9
  6781 | D:7      | Learned a level 2 spell: Blink
  6807 | D:7      | Found Geimeyn's Antique Weapon Boutique.
  7222 | D:7      | Reached skill level 1 in Spellcasting
  7249 | D:7      | Reached skill level 1 in Translocations
  7258 | D:7      | Found a bloodstained altar of Trog.
  8195 | D:8      | Noticed a two-headed ogre
  8204 | D:8      | Killed a two-headed ogre
  8399 | D:8      | Reached XP level 10. HP: 82/104 MP: 15/15
  8486 | D:8      | Reached skill level 8 in Fighting
  8505 | D:8      | Reached * piety under Qazlal
  9650 | D:9      | Noticed a skeletal warrior
  9651 | D:9      | Noticed a skeletal warrior
  9651 | D:9      | Noticed a skeletal warrior
  9652 | D:9      | Reached ** piety under Qazlal
  9666 | D:10     | Entered Level 10 of the Dungeon
  9669 | D:10     | HP: 5/104 [hippogriff (4)]
  9669 | D:10     | Slain by a hippogriff

Skill      XL: |  1  2  3  4  5  6  7  8  9 10 |
---------------+-------------------------------+-----
Dodging        | 3 4 5 |  5.6
Fighting       | 3 4 5 7 8 |  8.1
Staves         | 4 5 6 |  6.0
Maces & Flails | 3 5 7 |  7.9
Stealth        | 1 2 |  2.0
Spellcasting   | 3 4 |  4.6
Translocations | 3 4 |  4.4
Throwing       | |  2.1

Action                   |  1- 3 |  4- 6 |  7- 9 | 10-12 || total
-------------------------+-------+-------+-------+-------++-------
Melee: Quarterstaff      |    87 |   123 |       |       ||   210
       Giant spiked club |       |    20 |   128 |       ||   148
       Dire flail        |       |       |   172 |   103 ||   275
 Cast: Blink             |       |       |    46 |    53 ||    99
  Use: Scroll            |     4 |     8 |     8 |     1 ||    21
       Potion            |     1 |     1 |     7 |     3 ||    12
 Stab: Sleeping          |       |       |     3 |       ||     3
  Eat: Chunk             |     1 |    20 |    29 |     9 ||    59
Armor: Robe              |    37 |    40 |   138 |    37 ||   252
Dodge: Dodged            |    63 |    89 |   210 |    69 ||   431
Block: Other             |       |       |       |    10 ||    10
